 Dungeon Crawl Stone Soup version 0.25-a0-523-g9afb2ee040 (webtiles) character file.

Game seed: 2806980918328489777, levelgen mode: classic

33936 EnegeticOcto the Cleaver (level 13, 0/127 HPs)
             Began as a Deep Dwarf Fighter on Feb 18, 2020.
             Was the Champion of Makhleb.
             Slain by Jorgrun
             ... wielding a +0 vorpal quarterstaff
              (5 damage)
             ... while petrified by Jorgrun
             ... on level 14 of the Dungeon.
             The game lasted 00:08:30 (8921 turns).

EnegeticOcto the Cleaver (Deep Dwarf Fighter)       Turns: 8921, Time: 00:08:30

Health: 0/127      AC: 21    Str: 30    XL:     13   Next: 39%
Magic:  13/13 (4)  EV:  2    Int:  8    God:    Makhleb [******]
Gold:   430        SH:  0    Dex: 12    Spells: 12/12 levels left

rFire    + . .     SeeInvis .   z - +2 battleaxe (elec)
rCold    + . .     Gourm    .   (shield currently unavailable)
rNeg     + + +     Faith    .   G - +0 chain mail {rPois}
rPois    ∞         Spirit   .   (no helmet)
rElec    +         Reflect  .   n - scarf {rC+ rF+}
rCorr    .         Harm     .   v - +0 pair of gloves of the Many Continents {rN+ Str+4}
MR       +....     NoTele   +   R - +2 pair of boots
Stlth    ..........             b - amulet of Uwyrph {-Tele +Rage rElec rN++ MP+9}
HPRegen  0.00/turn              F - +5 ring of protection {=R}
MPRegen  0.13/turn              (no ring)

@: petrified, non-regenerating
A: damage resistance, heal wounds, sense surroundings 2, no regeneration
a: Heal Wounds, Minor Destruction, Lesser Servant of Makhleb, Major Destruction,
Greater Servant of Makhleb, Renounce Religion, Evoke Berserk Rage


You were on level 14 of the Dungeon.
You worshipped Makhleb.
Makhleb was exalted by your worship.
You were not hungry.

You visited 2 branches of the dungeon, and saw 15 of its levels.
You also visited: Bailey.

You collected 1200 gold pieces.
You spent 770 gold pieces at shops.

Inventory:

Hand Weapons
 a - a +1 war axe
 u - a +4 battleaxe
 z - a +2 battleaxe of electrocution (weapon)
Missiles
 c - a throwing net (quivered)
Armour
 n - a scarf of resistance (worn)
 v - the +0 pair of gloves of the Many Continents (worn) {rN+ Str+4}
   (You found it on level 10 of the Dungeon)

   It affects your strength (+4).
   It protects you from negative energy.
   If you remove this armour, your AC will decrease by 1 (21 -> 20).
 G - a +0 chain mail of poison resistance (worn)
 R - a +2 pair of boots (worn)
Jewellery
 b - the amulet of Uwyrph (around neck) {-Tele +Rage rElec rN++ MP+9}
   (You acquired it on level 13 of the Dungeon)

   [amulet of rage]

   It insulates you from electricity.
   It greatly protects you from negative energy.
   It affects your magic capacity (+9).
   It lets you go berserk.
   It prevents most forms of teleportation.
 F - a +5 ring of protection (left hand) {=R}
Wands
 d - a wand of iceblast (49)
 r - a wand of flame (12)
 s - a wand of digging (19) {@V2}
 w - a wand of scattershot (4)
 I - a wand of polymorph (9)
 J - a wand of disintegration (30)
Scrolls
 g - 4 scrolls of teleportation {@r2}
 h - a scroll of fog
 i - 15 scrolls of identify {@r1}
 l - 2 scrolls of remove curse {@r6}
 y - 2 scrolls of enchant weapon
 C - 2 scrolls of immolation {@r4}
 D - 2 scrolls of fear
 N - a scroll of enchant armour
 P - a scroll of blinking {@r3}
Potions
 f - 2 potions of mutation
 j - a potion of stabbing {@q5}
 k - a potion of might {@q3}
 m - 2 potions of resistance {@q6}
 o - a potion of cancellation
 p - a potion of invisibility
 q - 2 potions of ambrosia
 t - 3 potions of heal wounds {@q2}
 A - 4 potions of curing {@q1}
 B - a potion of magic {unknown}
 E - a potion of lignification {@q7}
 H - 2 potions of flight
 M - 2 potions of degeneration {unknown}
Miscellaneous
 O - a lamp of fire
Comestibles
 e - 30 rations
 x - 11 chunks of flesh


   Skills:
 * Level 11.5 Fighting
 * Level 13.3 Axes
 + Level 10.1 Armour
 + Level 9.4 Dodging
   Level 6.7 Shields
 + Level 10.3 Invocations


You had 12 spell levels left.
You didn't know any spells.
Your spell library contained the following spells:

 Spells                   Type           Power        Failure   Level  Hunger
 Beastly Appendage        Tmut           #.....       86%         1    ##.....
 Shock                    Conj/Air       #...         86%         1    ##.....
 Sticks to Snakes         Tmut           #.......     95%         2    ###....
 Swiftness                Chrm/Air       #.......     95%         2    ###....
 Confusing Touch          Hex            #.......     99%         3    ####...
 Gell's Gravitas          Tloc           #.........   99%         3    ####...
 Spider Form              Tmut/Pois      #.........   99%         3    ####...
 Static Discharge         Conj/Air       #.......     99%         3    ####...
 Airstrike                Air            #.........   100%        4    #####..
 Ice Form                 Ice/Tmut       #.......     100%        4    #####..
 Petrify                  Tmut/Erth      #.......     100%        4    #####..
 Blade Hands              Tmut           #.........   100%        5    ######.
 Lightning Bolt           Conj/Air       #.........   100%        5    ######.
 Metabolic Englaciation   Hex/Ice        #.........   100%        5    ######.
 Yara's Violent Unravell  Hex/Tmut       #.........   100%        5    ######.


Dungeon Overview and Level Annotations

Branches:
Dungeon (14/15)            Temple (0/1) D:7            Lair (0/6) D:11
    Orc (1/2) D:9          Vaults (0/5) D:13         Bailey (visited)

Altars:
Cheibriados
Elyvilon
Makhleb
Nemelex Xobeh
Okawaru
Ru
Sif Muna
Vehumet
Wu Jian

Shops:
D:6 =   D:14 (

Portals:
Trove: D:12 (give +8 demon blade)

Annotations:
D:14 Jorgrun


Innate Abilities, Weirdness & Mutations

You are resistant to damage.
You can heal yourself by infusing magical energy.
You passively map the area around you.
You do not regenerate.


Message History

Jorgrun hits you with a +0 vorpal quarterstaff.
The 13-headed hydra bites you! The 13-headed hydra misses you.
The 13-headed hydra bites you but does no damage. x2
The 13-headed hydra completely misses you.
The 13-headed hydra bites you but does no damage.
The 13-headed hydra bites you. The 13-headed hydra barely misses you.
The 13-headed hydra bites you. The 13-headed hydra misses you. x2
The 13-headed hydra bites you!
The 13-headed hydra bites you but does no damage.
Your magical essence is drained by the effort!
You feel much better. Jorgrun casts a spell at you.
Roots burst forth from the earth!
The grasping roots grab you! The grasping roots constrict you!
The 13-headed hydra bites you!
The 13-headed hydra bites you but does no damage. x4
The 13-headed hydra bites you. The 13-headed hydra barely misses you.
The 13-headed hydra bites you! The 13-headed hydra bites you.
The 13-headed hydra bites you but does no damage. x2
The 13-headed hydra bites you.
The 13-headed hydra bites you but does no damage.
Evoke which item? (* to show all) (? for menu, Esc to quit)
Aiming: Scattershot
Press: ? - help, Shift-Dir - straight line, f - 13-headed hydra
Aim: a 13-headed hydra (lightly wounded)
The burst of metal fragments hits the 13-headed hydra! x4
The 13-headed hydra is severely wounded.
Jorgrun gestures at you while chanting.
You are slowing down.
The grasping roots constrict you! The 13-headed hydra bites you!
The 13-headed hydra bites you but does no damage.
The 13-headed hydra bites you!
* * * LOW HITPOINT WARNING * * *
The 13-headed hydra bites you but does no damage.
The 13-headed hydra barely misses you. x2; The 13-headed hydra bites you!
* * * LOW HITPOINT WARNING * * *
The 13-headed hydra bites you but does no damage. x5
The 13-headed hydra bites you.
* * * LOW HITPOINT WARNING * * *
Evoke which item? (* to show all) (? for menu, Esc to quit)
Aiming: Scattershot
Press: ? - help, Shift-Dir - straight line, f/p - 13-headed hydra
Aim: a 13-headed hydra (severely wounded)
The burst of metal fragments hits the 13-headed hydra! x3
You kill the 13-headed hydra!
Makhleb accepts your kill.
You feel better.
Jorgrun points at you and mumbles some strange words.
The iron shot hits you!!
* * * LOW HITPOINT WARNING * * *
The grasping roots constrict you.
A centaur warrior zombie comes into view.
Jorgrun hits you but does no damage.
* * * LOW HITPOINT WARNING * * *
The grasping roots constrict you.
Your limbs are stiffening.
Evoke which item? (* to show all) (? for menu, Esc to quit)
Aiming: Scattershot
Press: ? - help, Shift-Dir - straight line, f - Jorgrun
Aim: Jorgrun, wielding a +0 vorpal quarterstaff and wearing a +2 robe of cold resistance (almost dead)
The burst of metal fragments hits Jorgrun but does no damage.
The burst of metal fragments hits Jorgrun. x2
Jorgrun is almost dead.
Jorgrun mutters some incantations to himself.
Jorgrun hits you but does no damage.
* * * LOW HITPOINT WARNING * * *
The grasping roots constrict you!
You have turned to stone.
Jorgrun drinks a potion.
Jorgrun is healed!
The grasping roots constrict you.
Jorgrun hits you with a +0 vorpal quarterstaff.
* * * LOW HITPOINT WARNING * * *
The grasping roots constrict you.
The centaur warrior zombie hits you but does no damage.
Jorgrun gestures at you while chanting.
You easily resist.
The grasping roots constrict you.
The centaur warrior zombie hits you but does no damage.
Jorgrun hits you but does no damage.
* * * LOW HITPOINT WARNING * * *
The grasping roots constrict you.
The centaur warrior zombie hits you but does no damage.
Jorgrun casts a spell at you. The iron shot hits you!!
* * * LOW HITPOINT WARNING * * *
x2 The grasping roots constrict you!
The centaur warrior zombie hits you but does no damage.
The centaur warrior zombie hits you but does no damage.
Jorgrun hits you with a +0 vorpal quarterstaff.
* * * LOW HITPOINT WARNING * * *
The grasping roots constrict you!
The centaur warrior zombie hits you but does no damage.
Jorgrun hits you but does no damage.
* * * LOW HITPOINT WARNING * * *
The grasping roots constrict you!
The centaur warrior zombie hits you but does no damage.
Jorgrun hits you but does no damage.
* * * LOW HITPOINT WARNING * * *
The grasping roots constrict you!
The centaur warrior zombie hits you but does no damage.
The grasping roots release their grip on you.
The centaur warrior zombie hits you but does no damage.
Jorgrun hits you with a +0 vorpal quarterstaff!
You die...

#(#####. , , , #.....# ......,,
, +* #..)..#, . , ..... , ,
#.....# +#.* +.... y, **
#.....#...#.#####...# * ,*
+.....#...#.........# ,
#'#####...#.........# #..#
..........####.g††..#.... #..#
.............#.Z@...#....##..#
....†........#.....##....#...#
.............#.....#.....#...#
####.........#.....#.....#...#
...#.........#.....#.....#...#
...#.........#.....#.....#..∩#
...###.......#.....#.....'...###
...., .......#.....#.....#.....#
....,*.......#.....##'####.....#


You could see Jorgrun and a centaur warrior zombie.

Vanquished Creatures
  Gastronok (D:8)
  Fannar (D:12)
  Erolcha (D:11)
  A hydra (D:14)
  6 centaur warriors
  2 dancing weapons (D:13)
  3 two-headed ogres
  The ghost of Flugslaktarn the Cleaver, a novice DDFi of Makhleb (D:8)
  Nergalle (D:10)
  An unseen horror (D:14)
  An orc sorcerer (Bailey)
  3 ugly things
  2 cyclopes (D:13)
  3 manticores
  A guardian serpent (D:11)
  Maggie (D:8)
  A kobold demonologist (Bailey)
  5 trolls
  A slime creature (D:8)
  A harpy skeleton (D:13)
  Sigmund (D:5)
  2 hippogriffs (D:11)
  22 yaks
  A spriggan (D:11)
  6 wraiths
  A vampire (D:10)
  A human (D:9)
  10 vampire mosquitoes
  2 basilisks (D:11)
  3 hungry ghosts
  A warg (D:9)
  4 water moccasins
  Duvessa (D:6)
  2 phantoms
  15 orc warriors
  2 sky beasts
  5 ice beasts
  7 ogres
  A necrophage (D:10)
  9 centaurs
  4 bullfrogs
  Dowan (D:6)
  A gnoll sergeant (D:9)
  A wyvern skeleton (D:10)
  7 scorpions
  19 killer bees
  15 wights
  6 electric eels
  A bullfrog zombie (D:9)
  4 crimson imps
  3 jellies
  3 centaur skeletons
  12 orc priests
  2 bullfrog skeletons
  7 hounds
  2 quasits
  Ijyb (D:5)
  5 iguanas
  16 orc wizards
  8 worker ants
  A hound zombie (D:5)
  8 gnolls
  10 adders
  2 shadow imps
  An adder skeleton (D:5)
  4 worms
  2 dart slugs
  5 leopard geckos
  61 orcs
  3 ball pythons (D:3)
  2 giant cockroaches
  11 hobgoblins (Bailey)
  8 jackals
  2 kobolds
  4 quokkas
  A ball python skeleton (D:5)
  3 bats
  2 frilled lizards (D:3)
  12 goblins
  A quokka skeleton (D:8)
  A quokka zombie (D:9)
  4 rats (D:3)
399 creatures vanquished.

Vanquished Creatures (collateral kills)
  An orc (Bailey)
  A hobgoblin (Bailey)
2 creatures vanquished.

Vanquished Creatures (others)
  Maurice (D:9)
  An orc wizard (D:9)
2 creatures vanquished.

Grand Total: 403 creatures vanquished

Notes
Turn   | Place    | Note
-------+----------+-------------------------------------------
     0 | D:1      | EnegeticOcto the Deep Dwarf Fighter began the quest for the
                  | Orb.
     0 | D:1      | Reached XP level 1. HP: 20/20 MP: 1/1
    62 | D:2      | Reached XP level 2. HP: 25/27 MP: 2/2
   485 | D:3      | Reached skill level 1 in Dodging
   485 | D:3      | Reached XP level 3. HP: 21/34 MP: 3/3
   793 | D:3      | Reached skill level 3 in Axes
   875 | D:3      | Reached XP level 4. HP: 42/42 MP: 3/3
   968 | D:4      | Noticed a phantom
   998 | D:4      | Killed a phantom
   998 | D:4      | Reached XP level 5. HP: 21/50 MP: 4/4
  1015 | D:4      | Noticed an ogre
  1016 | D:4      | Noticed an ogre
  1025 | D:4      | Killed an ogre
  1025 | D:4      | Reached skill level 4 in Axes
  1025 | D:4      | Reached XP level 6. HP: 57/57 MP: 5/5
  1114 | D:4      | Reached XP level 7. HP: 64/66 MP: 6/6
  1305 | D:4      | Found a sparkling altar of Nemelex Xobeh.
  1411 | D:5      | Entered Level 5 of the Dungeon
  1498 | D:5      | Reached skill level 5 in Axes
  1565 | D:5      | Noticed Ijyb
  1583 | D:5      | Killed Ijyb
  1639 | D:5      | Reached skill level 5 in Fighting
  1742 | D:5      | Noticed Sigmund
  1753 | D:5      | Killed Sigmund
  1753 | D:5      | Reached skill level 5 in Armour
  1753 | D:5      | Reached skill level 5 in Shields
  1753 | D:5      | Reached XP level 8. HP: 60/75 MP: 7/7
  1774 | D:5      | Found a snail-covered altar of Cheibriados.
  1820 | D:5      | Found a burning altar of Makhleb.
  1820 | D:5      | Found an ornate altar of the Wu Jian Council.
  1851 | D:5      | Reached skill level 6 in Axes
  1853 | D:5      | Became a worshipper of Makhleb the Destroyer
  2188 | D:6      | Reached skill level 1 in Invocations
  2286 | D:6      | Found Uxzup's Jewellery Emporium.
  2339 | D:6      | Found a sacrificial altar of Ru.
  2396 | D:6      | Noticed Dowan
  2397 | D:6      | Noticed Duvessa
  2398 | D:6      | You fall into a shaft and drop 2 floors!
  2434 | D:8      | Reached * piety under Makhleb
  2469 | D:8      | Reached skill level 7 in Axes
  2469 | D:8      | Gained mutation: You passively map the area around you.
                  | [Deep Dwarf growth]
  2469 | D:8      | Reached XP level 9. HP: 58/82 MP: 7/9
  2538 | D:8      | Reached skill level 5 in Dodging
  2622 | D:8      | Noticed a two-headed ogre
  2633 | D:8      | Killed a two-headed ogre
  2633 | D:8      | Reached skill level 8 in Axes
  2742 | D:8      | Found a runed translucent door.
  2742 | D:8      | Noticed Flugslaktarn's ghost (novice DDFi)
  2794 | D:8      | Noticed a troll
  2811 | D:8      | Killed a troll
  2811 | D:8      | Reached XP level 10. HP: 70/94 MP: 6/6
  2812 | D:8      | Reached ** piety under Makhleb
  2856 | D:8      | Killed Flugslaktarn's ghost
  2856 | D:8      | Reached skill level 5 in Invocations
  2904 | D:8      | Noticed Gastronok
  2918 | D:8      | Killed Gastronok
  2918 | D:8      | Reached skill level 9 in Axes
  3000 | D:8      | Noticed Maggie
  3013 | D:8      | Killed Maggie
  3555 | D:7      | Found an iron altar of Okawaru.
  3655 | D:7      | Found a white marble altar of Elyvilon.
  3699 | D:7      | Found a staircase to the Ecumenical Temple.
  4079 | D:6      | Killed Duvessa
  4085 | D:6      | Reached skill level 10 in Axes
  4099 | D:6      | Killed Dowan
  4099 | D:6      | Reached *** piety under Makhleb
  4099 | D:6      | Reached XP level 11. HP: 57/104 MP: 8/8
  4385 | D:9      | Noticed Maurice
  4428 | D:9      | Killed Maurice
  4713 | D:9      | Reached **** piety under Makhleb
  4740 | D:9      | Found a staircase to the Orcish Mines.
  5014 | D:9      | Found a shimmering blue altar of Sif Muna.
  5090 | Orc:1    | Entered Level 1 of the Orcish Mines
  5427 | D:6      | Bought a +5 ring of protection for 770 gold pieces
  5483 | D:10     | Entered Level 10 of the Dungeon
  5496 | D:10     | Noticed Nergalle
  5500 | D:10     | Killed Nergalle
  5527 | D:10     | Reached ***** piety under Makhleb
  5528 | D:10     | Reached skill level 11 in Axes
  6217 | D:10     | Got a pair of translucent gloves
  6223 | D:10     | Identified the +0 pair of gloves of the Many Continents
                  | {rN+ Str+4} (You found it on level 10 of the Dungeon)
  6308 | D:11     | Found a staircase to the Lair.
  6460 | D:11     | Noticed Erolcha
  6469 | D:11     | Reached XP level 12. HP: 106/116 MP: 9/9
  6473 | D:11     | Killed Erolcha
  6473 | D:11     | Reached skill level 10 in Fighting
  6997 | D:12     | Noticed a two-headed ogre
  7005 | D:12     | Killed a two-headed ogre
  7038 | D:12     | Noticed Fannar
  7072 | D:12     | Killed Fannar
  7072 | D:12     | Reached skill level 12 in Axes
  7285 | D:12     | Reached ****** piety under Makhleb
  7392 | D:12     | Found a portal to a secret trove of treasure.
  7437 | D:12     | Found the +5 scythe "Finisher" {speed, eviscerate}
  7630 | D:13     | Noticed a centaur warrior
  7641 | D:13     | Killed a centaur warrior
  7704 | D:13     | Noticed a centaur warrior
  7715 | D:13     | Killed a centaur warrior
  7758 | D:13     | Reached XP level 13. HP: 56/127 MP: 6/6
  7762 | D:13     | Found a flagged portal.
  7772 | Bailey   | Entered a bailey
  7819 | Bailey   | Found an iron altar of Okawaru.
  8258 | D:13     | Identified the amulet of Uwyrph {-Tele +Rage rElec rN++
                  | MP+9} (You acquired it on level 13 of the Dungeon)
  8258 | D:13     | Identified the -7 pair of gloves of Joy {+Blink rPois rF+
                  | Str-2} (You acquired it on level 13 of the Dungeon)
  8500 | D:13     | Found a gate to the Vaults.
  8609 | D:13     | Found a radiant altar of Vehumet.
  8694 | D:14     | Reached skill level 13 in Axes
  8694 | D:14     | Reached skill level 10 in Invocations
  8794 | D:14     | Reached skill level 10 in Armour
  8829 | D:14     | Found Haifen's Weapon Shop.
  8892 | D:14     | Noticed Jorgrun
  8920 | D:14     | HP: 5/127 [Jorgrun/+0 vorpal quarterstaff (4)]
  8921 | D:14     | Slain by Jorgrun

Levels and vault maps discovered:
D:1:      shiori_arrival_oz, layout_loops_ring, nicolae_ashenzari_panopticon
D:2:      layout_rooms, kennysheep_generic_room_14
D:3:      layout_loops_ring, first_ration, serial_co_window_serial,
          co_window_paths_a, co_window_paths_a, co_window_paths_b,
          co_window_paths_a, co_window_paths_a, co_window_corner_ca,
          co_window_unsneaky_path_e, co_window_unsneaky_path_c,
          co_window_paths_c, co_window_corner_cb, co_window_broadway_c,
          co_window_paths_d, glass_columns_a, glass_columns_a, glass_columns_a,
          glass_columns_a, glass_columns_b
D:4:      layout_basic, nemelex_xobeh_ov_fountains_minmay,
          minmay_misc_feat_pillars
D:5:      layout_loops_cross, cheibrodos_worm_habitat,
          grunt_temple_overflow_open, uniq_sigmund, uniq_ijyb
D:6:      layout_gridville, nicolae_overflow_crystal_walls,
          minmay_shop_enchanted_jewellery, uniq_duvessa
D:7:      layout_rooms, elyvilon_altar_4, nicolae_overflow_hidden_temple,
          minmay_temple_entry_crystal_x
D:8:      layout_loops_cross, ebering_ghost_inner_flame, water_maze_lemuel,
          uniq_maggie, uniq_gastronok
D:9:      layout_gridville, lemuel_coloured_pillars_altar, erik_orc_4,
          uniq_maurice
D:10:     layout_gridville, uniq_nergalle
D:11:     layout_roguey, david_lair_generic, the_bakery,
          nrook_guardian_serpent_ordinary, uniq_erolcha
D:12:     layout_roguey, enter_trove_1, minmay_guarded_unrand_finisher,
          uniq_fannar
D:13:     layout_basic, erik_vaults_1, enter_bailey_2, kennysheep_flooded_box
D:14:     layout_irregular_city, serial_shops, shop, grunt_dithmenos_shadows,
          uniq_jorgrun
Orc:1:    layout_diamond_mine, serial_shops, shop

Skill      XL: |  1  2  3  4  5  6  7  8  9 10 11 12 13 |
---------------+----------------------------------------+-----
Fighting       | 3 4 5 6 7 8 9 11 | 11.5
Dodging        | 1 2 3 4 5 6 7 9 |  9.4
Axes           | 3 4 5 7 8 10 11 12 13 | 13.3
Armour         | 4 5 6 7 8 9 10 | 10.1
Shields        | 4 5 6 |  6.7
Invocations    | 2 4 6 8 9 10 | 10.3

Action                   |  1- 3 |  4- 6 |  7- 9 | 10-12 | 13-15 || total
-------------------------+-------+-------+-------+-------+-------++-------
Melee: War axe           |    87 |    52 |   374 |    18 |       ||   531
       Battleaxe         |       |       |       |   672 |   129 ||   801
Invok: Lesser Servant of |       |       |       |       |     1 ||     1
 Abil: Heal Wounds       |     1 |     5 |    24 |    24 |     3 ||    57
Evoke: Wand              |       |       |       |       |    10 ||    10
  Use: Scroll            |       |       |     8 |    11 |     4 ||    23
       Potion            |       |       |       |     1 |       ||     1
  Eat: Chunk             |       |     1 |     6 |    23 |     5 ||    35
Armor: Scale mail        |    37 |    15 |    92 |    56 |       ||   200
       Plate armour      |       |       |       |   230 |       ||   230
       Chain mail        |       |       |       |   152 |   145 ||   297
Dodge: Dodged            |    18 |    20 |   126 |   501 |   128 ||   793
Block: Kite shield       |    40 |    37 |   202 |     6 |       ||   285

Table legend:
 A = Non-vault XP
 B = Vault XP
 C = Vault XP percentage of total XP
 D = Non-vault monster count
 E = Vault monster count
 F = Vault count percentage of total count
                 A         B        C        D         E       F
            +---------+---------+-------+---------+---------+-------
      Total |   34523 |   13957 |  28.8 |     319 |      84 |  20.8
            +---------+---------+-------+---------+---------+-------
        D:1 |       2 |       0 |   0.0 |       1 |       0 |   0.0
        D:2 |      10 |       0 |   0.0 |       4 |       0 |   0.0
        D:3 |     107 |       0 |   0.0 |      24 |       0 |   0.0
        D:4 |     659 |       0 |   0.0 |      13 |       0 |   0.0
        D:5 |     792 |     289 |  26.7 |      18 |       3 |  14.3
        D:6 |     822 |     223 |  21.3 |      18 |       2 |  10.0
        D:7 |     847 |       0 |   0.0 |      18 |       0 |   0.0
        D:8 |    3803 |    3452 |  47.6 |      46 |       4 |   8.0
        D:9 |    2932 |    1031 |  26.0 |      31 |      18 |  36.7
       D:10 |    2750 |     789 |  22.3 |      31 |       1 |   3.1
       D:11 |    2333 |    2466 |  51.4 |      24 |       7 |  22.6
       D:12 |    4062 |    1638 |  28.7 |      25 |       4 |  13.8
       D:13 |    6493 |    1808 |  21.8 |      20 |       2 |   9.1
       D:14 |    7211 |       0 |   0.0 |      18 |       0 |   0.0
      Orc:1 |    1700 |       0 |   0.0 |      28 |       0 |   0.0
     Bailey |       0 |    2261 | 100.0 |       0 |      43 | 100.0
            +---------+---------+-------+---------+---------+-------
